 Dungeon Crawl Stone Soup version 0.30-a0-172-gc5509c9e31 (webtiles) character file.

Game seed: 10426775452965699949

170 bjtr the Firebug (level 5, -3/28 HPs)
             Began as a Gargoyle Fire Elementalist on Oct 2, 2022.
             Slain by a bullfrog (7 damage)
             ... on level 3 of the Dungeon.
             The game lasted 00:14:36 (3383 turns).

bjtr the Firebug (Gargoyle Fire Elementalist)       Turns: 3383, Time: 00:14:36

Health: -3/28      AC:  7    Str: 12    XL:     5   Next: 50%
Magic:  17/18      EV: 11    Int: 17    God:
Gold:   41         SH:  0    Dex: 10    Spells: 4/10 levels left

rFire   . . .      SeeInvis .    p - +2 war axe (vorpal)
rCold   . . .      Faith    .    (no shield)
rNeg    + . .      Spirit   .    g - +0 leather armour
rPois   ∞          Reflect  .    (no helmet)
rElec   +          Harm     .    (no cloak)
rCorr   .          Rampage  .    (no gloves)
Will    .....                    (no boots)
Stlth   ++........               (no amulet)
HPRegen 0.24/turn                o - ring of magical power
MPRegen 0.16/turn                (no ring)

@: hasted, very quick
A: sickness immunity, AC +4, negative energy resistance 1, electricity
resistance, torment resistance 1, petrification resistance
a: no special abilities


You were on level 3 of the Dungeon.
You visited 1 branch of the dungeon, and saw 3 of its levels.

You collected 145 gold pieces.
You spent 104 gold pieces at shops.

Inventory:

Hand Weapons
 e - a +0 dagger
 n - a +0 hand axe
 p - a +2 vorpal war axe (weapon)
 v - a +2 dagger of venom
Missiles
 d - 42 stones
 s - 3 javelins
Armour
 a - a +0 robe
 g - a +0 leather armour (worn)
 x - a +0 ring mail
Jewellery
 i - a ring of flight
 o - a ring of magical power (left hand)
Wands
 t - a wand of charming (10)
Scrolls
 f - a scroll of summoning {unknown}
 h - a scroll of silence {unknown}
 k - 2 scrolls of vulnerability
 l - a scroll of noise {unknown}
 r - a scroll of amnesia {unknown}
 u - a scroll of acquirement {unknown}
 w - a scroll of fear {unknown}
Potions
 b - a potion of magic
 c - a potion of cancellation
 j - 2 potions of haste
 m - 3 potions of attraction
 q - a potion of lignification
 z - a potion of curing {unknown}
 A - a potion of mutation


   Skills:
 + Level 0.4 Fighting
 + Level 1.3 Armour
 + Level 1.9 Dodging
 + Level 2.6 Stealth
 * Level 3.2 Spellcasting
 + Level 1.2 Conjurations
 * Level 4.4 Fire Magic


You had 4 spell levels left.
You knew the following spells:

 Your Spells              Type           Power      Damage    Failure   Level
a - Foxfire               Conj/Fire      48%        2x1d6     7%          1
b - Scorch                Fire           34%        2d7       5%          2
c - Inner Flame           Hex/Fire       10%        N/A       26%         3

Your spell library contained the following spells:

 Spells                   Type           Power      Damage    Failure   Level
 Magic Dart               Conj           28%        1d4       13%         1
 Call Imp                 Summ           2%         N/A       32%         2
 Kindle Blastsparks       Fire/Tloc/Air  14%        2d11      34%         3
 Mephitic Cloud           Conj/Pois/Air  4%         N/A       50%         3
 Flame Wave               Conj/Fire      12%        2d6       54%         4
 Dispel Undead            Necr           2%         3d7       91%         4
 Death Channel            Necr           1%         N/A       100%        6
 Cigotuvi's Dreadful Rot  Necr/Pois/Air  Unusable   N/A       N/A         2

Dungeon Overview and Level Annotations

Branches:
Dungeon (3/15)

Altars:
Makhleb
Ru
Wu Jian
Zin

Shops:
D:2 :   D:3 *

Annotations:
D:3 1 runed translucent door, 2 transporters, squinnward's ghost, amateur KoEn


Innate Abilities, Weirdness & Mutations

You are immune to sickness and miasma.
Your stone body is resilient. (AC +4)
You are immune to poison.
You resist negative energy. (rN+)
You are resistant to electric shocks. (rElec)
You are resistant to unholy torment.
You are immune to petrification.


Message History

You open the door. The adder bites you but does no damage.
The adder attacks as you move away! The adder bites you.
The adder attacks as you move away! The adder closely misses you.
You see here a +0 club.
The adder misses you.
You barely miss the adder. The adder bites you but does no damage.
The adder barely misses you.
You slash the adder!
You kill the adder!
The quokka barely misses you.
You hit the quokka.
You kill the quokka!
The bullfrog closely misses you.
You barely miss the bullfrog. The bullfrog closely misses you.
The bullfrog hits you. x2
Casting: Foxfire (safe; 7% risk of failure)
Confirm with . or Enter, or press ? or * to list all spells.
Flames lash the bullfrog.
The bullfrog is lightly wounded.
The bullfrog's fire resistance burns away.
The bullfrog hits you but does no damage.
You hit the bullfrog.
The bullfrog is moderately wounded.
The bullfrog hits you. The bullfrog barely misses you.
You barely miss the bullfrog.
The bullfrog is moderately wounded.
The bullfrog is no longer more vulnerable to fire.
The bullfrog closely misses you. The bullfrog hits you. x2
The bullfrog attacks as you move away! The bullfrog barely misses you.
Okay, then.
The bullfrog hits you but does no damage.
You feel yourself speed up. The bullfrog hits you.
The bullfrog attacks as you move away!
The bullfrog hits you but does no damage.
You slash the bullfrog!
The bullfrog is almost dead.
The bullfrog hits you!
* * * LOW HITPOINT WARNING * * *
The bullfrog hits you!
You die...

.#..######## #.#.#~.♣
....'.....<# #.#.#~..
....############ #.#.#~..
....######.....# #.#.#S..
....#..........# #.#.###+
#..##..........# #.#.#P./
#..######......## #.#.#8.©
#..##...'.......#### ##.#.####
#..##.≈≈#.......@F.# ####..#....©
#..#≈.≈###....#.##W###.......##..
#.##≈≈≈# ######.#.........##.....
#.###### #.#.#...#..#######. #'#
#....#.#...# #.
.##############.....∩....# #.
.#FS~~~~~~~#.##.#..#.#..## #.
.+W~~~?~~~~F..#)#.#...#.# #.
.#~~~~~~~~~#....#.......# ##


You could see a bullfrog and squinnward's ghost.

Vanquished Creatures
  2 orc priests (D:3)
  An orc wizard (D:3)
  2 adders (D:3)
  2 worms (D:2)
  A dart slug (D:3)
  7 orcs (D:3)
  A ball python (D:3)
  5 endoplasms
  2 giant cockroaches
  5 goblins
  4 hobgoblins
  9 kobolds
  5 quokkas
  A bat (D:1)
  A frilled lizard (D:2)
  5 rats
53 creatures vanquished.

Vanquished Creatures (others)
  52 foxfires
  4 toadstools (D:1)
56 creatures vanquished.

Grand Total: 109 creatures vanquished

Notes
Turn   | Place    | Note
-------+----------+-------------------------------------------
     0 | D:1      | bjtr the Gargoyle Fire Elementalist began the quest for the
                  | Orb.
     0 | D:1      | Reached XP level 1. HP: 10/10 MP: 3/3
   223 | D:1      | Reached XP level 2. HP: 15/15 MP: 1/5
   229 | D:1      | Learned a level 2 spell: Scorch
  1392 | D:2      | Found a burning altar of Makhleb.
  1484 | D:2      | Reached XP level 3. HP: 19/19 MP: 6/6
  1509 | D:2      | Found a faded altar of an unknown god.
  1528 | D:2      | Found a faded altar of an unknown god.
  2142 | D:2      | Found Aqu Kung's Book Shoppe.
  2230 | D:2      | Learned a level 3 spell: Inner Flame
  2313 | D:3      | Found a runed translucent door.
  2313 | D:3      | Noticed a bullfrog
  2313 | D:3      | Noticed squinnward's ghost (amateur KoEn)
  2409 | D:3      | Found a runed translucent door.
  2412 | D:3      | Found Zafizxem's Assorted Antiques.
  2417 | D:3      | Reached skill level 1 in Armour
  2417 | D:3      | Reached XP level 4. HP: 24/24 MP: 2/8
  2446 | D:3      | Reached skill level 4 in Fire Magic
  2537 | D:3      | Found a glowing silver altar of Zin.
  2694 | D:3      | Found a sacrificial altar of Ru.
  2724 | D:3      | Reached XP level 5. HP: 28/28 MP: 9/9
  2846 | D:3      | Found an ornate altar of the Wu Jian Council.
  2898 | D:3      | Found a transporter.
  2915 | D:3      | Found a transporter.
  2938 | D:3      | Bought a scroll of identify for 52 gold pieces
  2938 | D:3      | Bought a scroll of identify for 52 gold pieces
  3383 | D:3      | Slain by a bullfrog

Illustrated notes

Levels and vault maps discovered:
D:1:      ldierk_water_garden, layout_basic, chequers_serial_rivers_micro_d
D:2:      layout_loops_corners, serial_shops, shop, basic_altar,
          hellmonk_ecumenical_altar_the_god_not_taken
D:3:      gammafunk_steamed_eel, layout_basic, lemuel_tele_altar, zin_treasury,
          nicolae_wu_jian_immortal_techniques, ebering_ghost_sewer_f,
          serial_shops, nicolae_shop_advertising_works
          [nicolae_subvault_shop_adworks], hangedman_decor_diamond_cutter,
          minmay_splitting_lines, minmay_door_square, st_stairs_9,
          kennysheep_nondescript

Skill      XL: |  1  2  3  4 |
---------------+-------------+-----
Armour         | 1 |  1.3
Fire Magic     | 4 |  4.4
Spellcasting   | 3 |  3.2
Fighting       | |  0.4
Dodging        | |  1.9
Stealth        | |  2.6
Conjurations   | |  1.2

Action                   |  1- 3 |  4- 6 || total
-------------------------+-------+-------++-------
Melee: Unarmed           |    18 |       ||    18
       Dagger            |     9 |       ||     9
       War axe           |    17 |    46 ||    63
       Punch             |       |     1 ||     1
 Cast: Foxfire           |    19 |     9 ||    28
       Scorch            |    16 |     5 ||    21
  Use: Scroll            |     3 |     3 ||     6
       Potion            |       |     2 ||     2
 Stab: Sleeping          |     1 |     2 ||     3
Armor: Robe              |     7 |       ||     7
       Leather armour    |    13 |    18 ||    31
Dodge: Dodged            |    26 |    41 ||    67

Table legend: (Time is in decaauts)
 A = Elapsed time spent in this place.
 B = Non-inter-level travel time spent in this place.
 C = Inter-level travel time spent in this place.
 D = Time resting spent in this place.
 E = Time spent auto-exploring this place.
 F = Levels seen in this place.
 G = Mean time per level.
                   A        B        C        D        E       F      G
               +--------+--------+--------+--------+--------+-----+--------+
         Total |   3415 |   3294 |    121 |    289 |   2287 |   3 | 1138.3 |
       Dungeon |   3415 |   3294 |    121 |    289 |   2287 |   3 | 1138.3 |
               +--------+--------+--------+--------+--------+-----+--------+

Top non-repeatable levels by time:
     D:2: 1230 daAuts
     D:3: 1144 daAuts
     D:1: 1040 daAuts
